 Dungeon Crawl Stone Soup version 0.23.0-3-gf3c87f2 (webtiles) character file.

Game seed: 15136276967817793911

441 Gorice the Conjurer (level 6, -3/48 HPs)
             Began as a Deep Elf Fire Elementalist on Feb 24, 2019.
             Was a Follower of Vehumet.
             Slain by an iron imp (5 damage)
             ... summoned by Eustachio
             ... on level 4 of the Dungeon.
             The game lasted 00:21:56 (4556 turns).

Gorice the Conjurer (Deep Elf Fire Elementalist)    Turns: 4556, Time: 00:21:56

Health: -3/48      AC: 23    Str: 10    XL:     6   Next: 70%
Magic:  1/14       EV:  2    Int: 22    God:    Vehumet [*.....]
Gold:   255        SH:  0    Dex: 15    Spells: 3/14 levels left

rFire    + . .     SeeInvis .   a - +0 dagger (venom)
rCold    + . .     Gourm    .   (no shield)
rNeg     + + +     Faith    .   (armour currently unavailable)
rPois    +         Spirit   .   (helmet currently unavailable)
rElec    +         Reflect  .   (cloak currently unavailable)
rCorr    +         Harm     .   (gloves currently unavailable)
MR       .....     NoTele   +   (boots currently unavailable)
Stlth    ++........             (no amulet)
HPRegen  0.16/turn              (no ring)
MPRegen  0.14/turn              (no ring)

@: mighty, tree-form (expiring), resistant
A: no striking features
a: Renounce Religion


You were on level 4 of the Dungeon.
You worshipped Vehumet.
Vehumet was aware of your devotion.
You were hungry.
You were a tree.
You visited 2 branches of the dungeon, and saw 6 of its levels.

You collected 255 gold pieces.

Inventory:

Hand Weapons
 a - a +0 dagger of venom (weapon)
   (You took it off a goblin on level 2 of the Dungeon)
 b - a +0 hunting sling
 h - a +0 whip
Missiles
 r - 3 tomahawks (quivered)
 Y - 247 stones
Armour
 e - a +0 helmet (melded)
 f - a +0 pair of gloves (melded)
 g - a scarf of resistance (melded)
   (You found it on level 4 of the Dungeon)
 j - a +0 robe (melded)
Scrolls
 k - 2 scrolls of remove curse
 p - 2 scrolls of magic mapping {!r}
Potions
 i - 2 potions of lignification {!q}
 m - 2 potions of brilliance {!q}
 n - 2 potions of flight
Comestibles
 c - 6 rations
 d - 7 chunks of flesh


   Skills:
 - Level 2.4 Dodging
 - Level 2.4 Stealth
 + Level 4.6 Spellcasting
 * Level 5.5 Conjurations
 * Level 5.5 Fire Magic


You had 3 spell levels left.
You knew the following spells:

 Your Spells              Type           Power        Failure   Level  Hunger
a - Flame Tongue          Conj/Fire      ####.        1%          1    None
b - Throw Flame           Conj/Fire      ####..       1%          2    None
c - Conjure Flame         Conj/Fire      ####....     3%          3    ##.....
d - Sticky Flame          Conj/Fire      ####....     11%         4    ####...
s - Animate Skeleton      Necr           N/A          11%         1    None

Your spell library contained the following spells:

 Spells                   Type           Power        Failure   Level  Hunger
 Sting                    Conj/Pois      ###.         3%          1    None
 Inner Flame              Hex/Fire       ###.....     10%         3    ##.....
 Call Imp                 Summ           #.......     16%         2    None
 Sublimation of Blood     Necr           #.........   16%         2    None
 Call Canine Familiar     Summ           #.......     32%         3    ##.....
 Fireball                 Conj/Fire      ####......   30%         5    #####..
 Agony                    Necr           #.......     96%         5    #####..
 Simulacrum               Ice/Necr       #.........   100%        6    #######


Dungeon Overview and Level Annotations

Branches:
Dungeon (5/15)             Temple (1/1) D:4

Altars:
Ashenzari
Cheibriados
Dithmenos
Elyvilon
Gozag
Kikubaaqudgha
Makhleb
Nemelex Xobeh
Okawaru
Qazlal
Ru
Trog
Vehumet
Wu Jian
Zin
The Shining One

Shops:
D:4 ?

Annotations:
D:1 vpUX: deep water w scroll behind
D:4 Eustachio


Message History

Press: ? - help, Shift-Dir - straight line, f/p - Eustachio
Aim: Eustachio, wielding a +2 rapier of venom and wearing a +2 leather armour of fire resistance (heavily wounded)
The flame tongue misses the iron imp.
The flame tongue hits Eustachio.
Eustachio resists.
Eustachio is heavily wounded.
The iron imp hits you but does no damage.
Casting: Flame Tongue (safe; 1% risk of failure)
Confirm with . or Enter, or press ? or * to list all spells.
Aiming: Flame Tongue (safe; 1% risk of failure)
Press: ? - help, Shift-Dir - straight line, f/p - Eustachio
Aim: Eustachio, wielding a +2 rapier of venom and wearing a +2 leather armour of fire resistance (heavily wounded)
The flame tongue hits the iron imp.
The iron imp completely resists.
The iron imp is lightly wounded.
Casting: Flame Tongue (safe; 1% risk of failure)
Confirm with . or Enter, or press ? or * to list all spells.
Aiming: Flame Tongue (safe; 1% risk of failure)
Press: ? - help, Shift-Dir - straight line, f/p - Eustachio
Aim: Eustachio, wielding a +2 rapier of venom and wearing a +2 leather armour of fire resistance (heavily wounded)
The flame tongue hits the iron imp but does no damage.
The iron imp is lightly wounded.
The iron imp hits you.
* * * LOW HITPOINT WARNING * * *
Damage: 2 (max 9)
Casting: Flame Tongue (safe; 1% risk of failure)
Confirm with . or Enter, or press ? or * to list all spells.
You don't have enough magic to cast that spell.
Unknown command.
It was a potion of resistance.
You feel protected. The iron imp hits you.
* * * LOW HITPOINT WARNING * * *
Really quaff
o - a potion of might {!q}?
You feel very mighty all of a sudden.
Eustachio mumbles some strange words.
Eustachio blinks!
The iron imp hits you but does no damage.
You hit the iron imp.
The iron imp is moderately wounded.
Your transformation is almost over.
The iron imp hits you but does no damage.
You barely miss the iron imp.
The iron imp is moderately wounded.
You puncture the iron imp!
The iron imp is severely wounded.
The iron imp hits you but does no damage.
Eustachio gestures wildly while chanting.
You hit the iron imp.
The iron imp is almost dead.
The iron imp hits you.
You die...

#.##.....#.#..##.##......
#.##.##.............#....
#...r@.r.>.........(.....
########.#.##.#.###.#.⌠.⌠
#........#r##'#.# #......
######.###.#....# #.#....
#.# #.#....###...._.
###.###@#....##..#....
#....♣5b#.<..##.......
#########........#.⌠.⌠
#.....#....##.......
#.###.#....##..#.... #.#
#.#............. #.#
#.#.##.##.#..... #.#
#.#.##.##.#.#### #.#
#.#.##.##.#.# #.#
#.......#.#.#


You could see Eustachio, an iron imp and a bat.

Vanquished Creatures
  A bullfrog (D:4)
  2 orc priests (D:5)
  2 bullfrog skeletons (D:4)
  2 orc wizards (D:5)
  A worker ant (D:4)
  6 adders
  2 worms
  3 dart slugs
  3 leopard geckos
  8 orcs
  6 giant cockroaches
  9 goblins
  7 hobgoblins
  20 jackals
  8 kobolds
  2 quokkas
  3 ball pythons
  5 bats
  5 frilled lizards
  10 rats
105 creatures vanquished.

Notes
Turn   | Place    | Note
-------+----------+-------------------------------------------
     0 | D:1      | Gorice the Deep Elf Fire Elementalist began the quest for
                  | the Orb.
     0 | D:1      | Reached XP level 1. HP: 10/10 MP: 6/6
   101 | D:1      | Reached skill level 2 in Conjurations
   117 | D:1      | Reached XP level 2. HP: 15/15 MP: 0/8
   395 | D:1      | Reached skill level 3 in Conjurations
   475 | D:1      | Reached XP level 3. HP: 19/19 MP: 5/9
  1252 | D:2      | Found a sparkling altar of Nemelex Xobeh.
  1788 | D:2      | Learned a level 2 spell: Throw Flame
  1792 | D:2      | Learned a level 3 spell: Conjure Flame
  1892 | D:3      | Reached XP level 4. HP: 24/24 MP: 6/11
  2098 | D:3      | Reached skill level 4 in Conjurations
  2627 | D:3      | Reached skill level 4 in Fire Magic
  2837 | D:2      | Learned a level 4 spell: Sticky Flame
  2854 | D:4      | Found a staircase to the Ecumenical Temple.
  2863 | Temple   | Entered the Ecumenical Temple
  2945 | Temple   | Became a worshipper of Vehumet
  2973 | D:4      | Found a white marble altar of Elyvilon.
  3125 | D:4      | Found a bloodstained altar of Trog.
  3172 | D:4      | Reached XP level 5. HP: 28/28 MP: 12/12
  3263 | D:4      | Reached skill level 4 in Spellcasting
  3458 | D:4      | Reached XP level 6. HP: 25/32 MP: 7/14
  3752 | D:4      | Found Veemo's Magic Scroll Boutique.
  3797 | D:4      | Reached skill level 5 in Conjurations
  3797 | D:4      | Reached skill level 5 in Fire Magic
  3954 | D:5      | Entered Level 5 of the Dungeon
  4023 | D:5      | Identified Teppy's Tome of Companions and Sinister Rites
  4055 | D:5      | Reached * piety under Vehumet
  4055 | D:5      | Offered knowledge of Sting by Vehumet.
  4333 | D:5      | Learned a level 1 spell: Animate Skeleton
  4492 | D:5      | Noticed Eustachio
  4531 | D:4      | HP: 5/32 [river rat[Eustachio] (6)]
  4539 | D:4      | HP: 5/32 [river rat[Eustachio] (10)]
  4540 | D:4      | HP: 2/32 [river rat[Eustachio] (3)]
  4550 | D:4      | HP: 2/48 [iron imp[Eustachio] (2)]
  4556 | D:4      | Slain by an iron imp

Skill      XL: |  1  2  3  4  5  6 |
---------------+-------------------+-----
Conjurations   | 2 3 4 5 |  5.5
Fire Magic     | 4 5 |  5.5
Spellcasting   | 4 |  4.6
Dodging        | |  2.4
Stealth        | |  2.4

Action                   |  1- 3 |  4- 6 || total
-------------------------+-------+-------++-------
Melee: Dagger            |       |   107 ||   107
 Cast: Flame Tongue      |    74 |    83 ||   157
       Throw Flame       |       |     8 ||     8
       Conjure Flame     |       |     4 ||     4
       Sticky Flame      |       |     2 ||     2
  Use: Scroll            |     6 |     7 ||    13
       Potion            |       |     5 ||     5
 Stab: Sleeping          |       |     4 ||     4
       Distracted        |       |     1 ||     1
  Eat: Chunk             |     3 |     8 ||    11
Armor: Robe              |    11 |    34 ||    45
       Skin              |       |    14 ||    14
Dodge: Dodged            |    14 |   105 ||   119

Table legend:
 A = Turns spent in this place as a percentage of turns spent in the entire game.
 B = Non-inter-level travel turns spent in this place as a percentage of non-inter-level travel turns spent in the entire game.
 C = Inter-level travel turns spent in this place as a percentage of turns spent in this place.
 D = Turns resting spent in this place as a percentage of non-inter-level travel turns spent in this place.
 E = Turns spent auto-exploring this place as a percentage of non-inter-level travel turns spent in this place.
 F = Non-inter-level travel turns spent in this place divided by the number of levels of this place that you've seen.
                   A       B       C       D       E      F
               +-------+-------+-------+-------+-------+----------------------
         Total | 100.0 | 100.0 |   4.0 |  19.4 |  50.8 | 728.7
       Dungeon |  98.0 |  98.1 |   3.9 |  19.8 |  50.2 | 857.6
        Temple |   2.0 |   1.9 |   8.7 |   0.0 |  82.1 |  84.0
               +-------+-------+-------+-------+-------+----------------------

Levels and vault maps discovered:
D:1:      dpeg_arrival_chase, layout_basic, serial_bayou, serial_bayou_crossing,
          serial_bayou_shore_a, serial_bayou_pond_b, serial_bayou_ford_a
D:2:      layout_basic, nemelex_altar_shiori, minmay_tetromino_s4
D:3:      minmay_diamond_boxcup, layout_loops_ring, grunt_decor_fettered
D:4:      layout_basic, bloody_trog, temple_green, serial_shops,
          kennysheep_mini_moat, elyvilon_altar_5
D:5:      layout_basic, yredelemnul_forgotten_temple_becter, first_ration,
          grunt_ministairs_3, uniq_eustachio, uniq_pikel
Temple:   dshaligram_water_room_temple
